 Seeded DCSS version 0.30.1-4-g462c640d31 (webtiles) character file.

Game seed: 15660985446129201502 (custom seed)

77 AccursedSamuel the Ducker (level 4, -3/28 HPs)
             Began as a Tengu Monk on Sept 18, 2023.
             Was a Priest of Jiyva.
             Slain by Crazy Yiuf
             ... wielding a +3 quarterstaff of chaos
              (11 damage)
             ... on level 2 of the Dungeon.
             The game lasted 00:04:43 (1597 turns).

AccursedSamuel the Ducker (Tengu Monk)              Turns: 1597, Time: 00:04:43

Health: -3/28      AC:  8    Str: 14    XL:     4   Next: 34%
Magic:  5/5        EV: 13    Int: 10    God:    Jiyva [***...]
Gold:   200        SH:  0    Dex: 16    Spells: 3/3 levels left

rFire   . . .        e - +6 great mace of Day {spect, rElec Will+}
rCold   . . .        (shield currently unavailable)
rNeg    . . .        b - +0 robe
rPois   .            (helmet restricted)
rElec   +            (no cloak)
rCorr   +            (no gloves)
SInv    .            (boots unavailable)
Will    +....        (no amulet)
Stlth   ++           (no ring)
HPRegen 1.36/turn    (no ring)
MPRegen 0.44/turn

%: no passive effects
@: slowed, very slow
A: beak, talons 3, iridescent scales 3, evolution 1
a: Renounce Religion, Oozemancy


You were on level 2 of the Dungeon.
You worshipped Jiyva.
Jiyva was most pleased with you.
You visited 1 branch of the dungeon, and saw 2 of its levels.

You collected 200 gold pieces.

Inventory:

Hand Weapons
 a - a +0 hand axe
 e - the +6 great mace of Day (weapon) {spect, rElec Will+}
   (You acquired it on level 1 of the Dungeon)

   rElec:     It insulates you from electricity.
   Will:      It increases your willpower.
Armour
 b - a +0 robe (worn)
 d - an orb of light
Jewellery
 n - a +4 ring of protection
Scrolls
 f - a scroll of teleportation {unknown}
 i - a scroll of noise {unknown}
 j - a scroll of enchant armour {unknown}
 k - a scroll of immolation {unknown}
Potions
 c - a potion of ambrosia
 g - a potion of curing {unknown}
 h - a potion of degeneration {unknown}
 l - a potion of attraction {unknown}
 m - 2 potions of magic {unknown}


   Skills:
 + Level 3.6 Fighting
 + Level 3.8(4.1) Axes
 + Level 1.9(3.1) Maces & Flails
 + Level 3.9 Dodging
 + Level 0.4 Stealth


You had 3 spell levels left.
You didn't know any spells.
Your spell library contained the following spells:

 Spells                   Type           Power      Damage    Failure   Level
 Cigotuvi's Dreadful Rot  Necr/Pois/Air  0%         N/A       50%         2
 Dispel Undead            Necr           0%         3d6       98%         4
 Death Channel            Necr           0%         N/A       100%        6


Dungeon Overview and Level Annotations

Branches:
Dungeon (2/15)

Altars:
Jiyva

Annotations:
D:2 Crazy Yiuf


Innate Abilities, Weirdness & Mutations

You have a beak for a mouth.
You have claws for feet.
You are completely covered in iridescent scales. (AC +6)
You have hidden genetic potential.


Message History

You bludgeon the frilled lizard!!
You kill the frilled lizard!
You see here a frilled lizard corpse.
You hear a distant slurping noise.
You hear a distant slurping noise.
Jiyva alters your body.
Iridescent scales grow over part of your body.
Iridescent scales spread over more of your body.
Iridescent scales cover your body completely.
You feel a hidden potential growing inside you.
Found a stone staircase leading down.
You hear a distant slurping noise.
n - a +4 ring of protection You open the door.
There is an open door here.
There is an open door here.
Jiyva gurgles merrily.
You hear a distant slurping noise.
There is a stone staircase leading up here.
Could not explore, unopened runed door.
As you open the door, it creaks loudly!
Crazy Yiuf laughs, "Defame!"
You thump Crazy Yiuf! Your kick misses Crazy Yiuf. Your peck misses Crazy Yiuf.
Crazy Yiuf is severely wounded.
Crazy Yiuf hits you with a +3 quarterstaff of chaos.
You feel yourself slow down.
You closely miss Crazy Yiuf.
Crazy Yiuf is severely wounded.
Crazy Yiuf barely misses you.
Crazy Yiuf yells, "Seed!
Lay noodlescoop spinner."
Crazy Yiuf hits you with a +3 quarterstaff of chaos!
Crazy Yiuf burns you.
Crazy Yiuf hits you with a +3 quarterstaff of chaos.
* * * LOW HITPOINT WARNING * * *
Crazy Yiuf freezes you.
* * * LOW HITPOINT WARNING * * *
You hit Crazy Yiuf but do no damage.
Crazy Yiuf is severely wounded.
Crazy Yiuf hits you with a +3 quarterstaff of chaos!
You die...

#####.###.##..........####
..........##.............##
..................######..#
.........########## ##.#
##..#.##.# #.# ...>..##.#
#.## ########.# ### ####..#
# ### #...### ##.....# #
#...g@####......# #
#...##..#......## ###
###.#....## ########


You could see Crazy Yiuf.

Vanquished Creatures
  Jessica (D:2)
  An adder (D:2)
  A dart slug (D:2)
  2 ball pythons (D:1)
  3 endoplasms
  A giant cockroach (D:2)
  5 goblins
  3 hobgoblins (D:1)
  4 kobolds
  5 quokkas
  2 bats (D:1)
  6 frilled lizards
  4 rats (D:1)
  A spectral kobold (D:2)
39 creatures vanquished.

Vanquished Creatures (others)
  A jelly (D:2)
  A giant cockroach (D:2)
  A hobgoblin (D:2)
  A ball python (D:2)
  A frilled lizard (D:2)
  A kobold (D:2)
  2 rats (D:2)
8 creatures vanquished.

Grand Total: 47 creatures vanquished

Notes
Turn   | Place    | Note
-------+----------+-------------------------------------------
     0 | D:1      | AccursedSamuel the Tengu Monk began the quest for the Orb.
     0 | D:1      | Reached XP level 1. HP: 14/14 MP: 2/2
   104 | D:1      | Reached XP level 2. HP: 17/19 MP: 3/3
   126 | D:1      | Identified a scroll of acquirement
   126 | D:1      | Acquired the +6 great mace of Day {spect, rElec Will+}
   598 | D:1      | Reached XP level 3. HP: 23/23 MP: 4/4
  1061 | D:2      | Found a faded altar of an unknown god.
  1069 | D:2      | Reached skill level 1 in Maces & Flails
  1102 | D:2      | Prayed at the altar of an unknown god.
  1102 | D:2      | Became a worshipper of Jiyva Jeklatzi the Shapeless
  1102 | D:2      | Reached * piety under Jiyva
  1102 | D:2      | Reached ** piety under Jiyva
  1209 | D:2      | Found a runed translucent door.
  1210 | D:2      | Noticed Crazy Yiuf
  1304 | D:2      | Noticed Jessica
  1313 | D:2      | Reached *** piety under Jiyva
  1315 | D:2      | Killed Jessica
  1316 | D:2      | Reached XP level 4. HP: 28/28 MP: 5/5
  1460 | D:2      | Gained mutation: You are partially covered in iridescent
                  | scales. (AC +2) [Jiyva's grace]
  1460 | D:2      | Gained mutation: You are mostly covered in iridescent
                  | scales. (AC +4) [Jiyva's grace]
  1460 | D:2      | Gained mutation: You are completely covered in iridescent
                  | scales. (AC +6) [Jiyva's grace]
  1460 | D:2      | Gained mutation: You have hidden genetic potential.
                  | [Jiyva's grace]
  1597 | D:2      | Slain by Crazy Yiuf

Illustrated notes

Levels and vault maps discovered:
D:1:      minmay_arrival_pointy, layout_loops_ring, minmay_gold_behind_fungi
D:2:      layout_basic, dreamdust_ecumenical_altar_drowned_temple,
          hangedman_decor_clover_reticule, fountainhead,
          uniq_crazy_yiuf_cottage, uniq_jessica

Skill      XL: |  1  2  3 |
---------------+----------+-----
Maces & Flails | 1 |  1.9
Fighting       | |  3.6
Axes           | |  3.8
Dodging        | |  3.9
Stealth        | |  0.4

Action                     |  1- 3 |  4- 6 || total
---------------------------+-------+-------++-------
  Melee: Hand axe          |    15 |       ||    15
         Peck              |     7 |       ||     7
         Kick              |     5 |       ||     5
         Great mace        |    32 |     8 ||    40
    Use: Scroll            |     1 |       ||     1
   Stab: Sleeping          |     1 |       ||     1
 Armour: Robe              |    18 |       ||    18
  Dodge: Dodged            |    39 |     3 ||    42
